 Dungeon Crawl Stone Soup version 0.26-a0-412-ga3d1f51b80 (webtiles) character file.

Game seed: 10039602308039423627

127 ReteAZ the Chopper (level 4, -3/35 HPs)
             Began as a Demonspawn Chaos Knight on July 24, 2020.
             Was a Plaything of Xom.
             Slain by an orange demon (7 damage)
             ... summoned by Xom
             ... on level 2 of the Dungeon.
             The game lasted 00:08:56 (28025 turns).

ReteAZ the Chopper (Demonspawn Chaos Knight)       Turns: 28025, Time: 00:08:56

Health: -3/35      AC:  7    Str: 17      XL:     4   Next: 85%
Magic:  0/13       EV: 11    Int: 12 (13) God:    Xom [*.....]
Gold:   129        SH:  0    Dex: 19      Spells: 3/3 levels left

rFire    . . .     SeeInvis +   q - +0 war axe
rCold    . . .     Faith    .   (no shield)
rNeg     . . .     Spirit   +   b - +2 leather armour
rPois    +         Reflect  .   (helmet restricted)
rElec    +         Harm     .   (no cloak)
rCorr    .                      (no gloves)
MR       .....                  o - +1 pair of boots
Stlth    ++........             s - amulet of Forced Transition {rElec Regen+ Str+3 Stlth+}
HPRegen  0.51/turn              k - ring of magical power
MPRegen  0.13/turn              f - ring "Yfuokk" {+Fly Dex+3}

@: about to teleport, drained
A: fangs 1, horns 1, see invisible, agile 2, high mp 1, poison resistance,
evolution 2, magic shield
a: Renounce Religion, Evoke Flight


You were on level 2 of the Dungeon.
You worshipped Xom.
You were a special plaything of Xom.
You visited 1 branch of the dungeon, and saw 2 of its levels.

You collected 129 gold pieces.

Inventory:

Hand Weapons
 a - a +0 hand axe of chaos
 p - a +1 hunting sling of flaming
 q - a +0 war axe (weapon)
Missiles
 c - 41 stones
 h - 5 curare-tipped darts (quivered)
Armour
 b - a +2 leather armour (worn)
 n - a +0 scale mail
 o - a +1 pair of boots (worn)
 r - the -5 cloak of the Fiend {rElec rPois rCorr Int+3}
   (Xom gifted it to you on level 1 of the Dungeon)

   It affects your intelligence (+3).
   It insulates you from electricity.
   It protects you from poison.
   It provides partial protection from all sources of acid and corrosion.
Magical Staves
 u - an uncursed staff of wizardry
Jewellery
 f - the ring "Yfuokk" (right hand) {+Fly Dex+3}
   (Xom gifted it to you on level 2 of the Dungeon)

   [ring of flight]

   It affects your dexterity (+3).
   It lets you fly.
 k - a ring of magical power (left hand)
 s - the amulet of Forced Transition (around neck) {rElec Regen+ Str+3 Stlth+}
   (Xom gifted it to you on level 1 of the Dungeon)

   [amulet of regeneration]

   It affects your strength (+3).
   It insulates you from electricity.
   It increases your rate of regeneration.
   It makes you more stealthy.
 t - the ring "Zuddad" {MP-9 Str+4 Int+9}
   (Xom gifted it to you on level 1 of the Dungeon)

   [ring of strength]

   It affects your strength (+4).
   It affects your intelligence (+9).
   It affects your magic capacity (-9).
Wands
 e - a wand of polymorph (9)
 i - a wand of iceblast (6)
Scrolls
 d - a scroll of teleportation
 g - a scroll of remove curse {unknown}
 j - a scroll of identify
 l - a scroll of amnesia {unknown}
 m - a scroll of enchant weapon {unknown}


   Skills:
 - Level 3.0(1.9) Fighting
 + Level 5.1(3.9) Axes
 - Level 1.7(0.7) Armour
 - Level 0.8(0.0) Dodging


You had 3 spell levels left.
You didn't know any spells.
Your spell library contained the following spells:

 Spells                   Type           Power        Failure   Level
 Foxfire                  Conj/Fire      #...         36%         1
 Conjure Flame            Conj/Fire      #.......     75%         3
 Inner Flame              Hex/Fire       #.......     75%         3
 Animate Dead             Necr           #.........   98%         4
 Sticky Flame             Conj/Fire      #.......     98%         4
 Borgnjor's Vile Clutch   Necr/Erth      #.........   100%        5
 Fireball                 Conj/Fire      #.........   100%        5
 Death Channel            Necr           #.........   100%        6
 Simulacrum               Ice/Necr       #.........   100%        6


Dungeon Overview and Level Annotations

Branches:
Dungeon (2/15)

Altars:
Xom


Innate Abilities, Weirdness & Mutations

You have a pair of small horns on your head.
When hurt, damage is shared between your health and your magic reserves.
You have very sharp teeth.
You have supernaturally acute eyesight. (SInv)
You are very agile. (Dex +4)
You have an increased reservoir of magic. (+10% MP)
Your system is resistant to poisons. (rPois)
You rapidly evolve.


Message History

The orange demon stings you from afar.
* * * LOW HITPOINT WARNING * * *
The crimson imp closely misses you. The shadow imp spits at you.
You aren't carrying any potions.
Unknown command.
As you read the scroll of teleportation, it crumbles to dust.
You feel strangely unstable. The orange demon barely misses you.
The crimson imp hits you but does no damage.
You hit the crimson imp but do no damage.
Your headbutt misses the crimson imp. Your bite misses the crimson imp.
The crimson imp is lightly wounded.
The orange demon stings you from afar!
* * * LOW HITPOINT WARNING * * *
The crimson imp hits you but does no damage.
As you read the scroll labeled EKUICV HAGOSA, it crumbles to dust.
It is a scroll of identify.
u - an uncursed staff of wizardry The orange demon stings you from afar!
You die...

#.#.# #....#...# #.#.#
#.####...### ##.#.# #.#......'.#
...#.# #.#.##...#.## ##...###
#.#.##...#...
#.#...##############.#...#######
#.'...'...<.....................
###...##############.###.#######
#...#.....54.@5.<..#..........
#...#.###########..#.#.######.
#...#.###########..#.#....#.#.
#...#.#.........#..#......#.#.
#####.#.........#..#........#.
########.#.........#..#........#.
.........#...#######..##########.
###..........#######.............
..'.............)....############


You could see an orange demon (summoned), a crimson imp (summoned) and a shadow
imp (summoned).

Vanquished Creatures
  Jessica (D:2)
  7 adders
  A worm (D:2)
  A leopard gecko (D:1)
  3 orcs (D:2)
  A ball python (D:2)
  A giant cockroach (D:2)
  3 goblins
  A hobgoblin (D:1)
  2 jackals (D:2)
  3 kobolds
  4 bats
  6 frilled lizards
  4 rats (D:2)
38 creatures vanquished.

Notes
Turn   | Place    | Note
-------+----------+-------------------------------------------
     0 | D:1      | ReteAZ the Demonspawn Chaos Knight began the quest for the
                  | Orb.
     0 | D:1      | Reached XP level 1. HP: 18/18 MP: 1/1
   135 | D:1      | Reached skill level 3 in Axes
   197 | D:1      | Gained mutation: When hurt, damage is shared between your
                  | health and your magic reserves. [demonic ancestry]
   197 | D:1      | Reached XP level 2. HP: 19/24 MP: 2/2
   561 | D:1      | XOM: divination: detect items
   777 | D:2      | Gained mutation: You have a pair of small horns on your
                  | head. [demonic ancestry]
   777 | D:2      | Reached XP level 3. HP: 23/29 MP: 3/3
   800 | D:2      | Reached skill level 4 in Axes
   946 | D:2      | XOM: silly message
  1068 | D:2      | Noticed Jessica
  1081 | D:2      | Killed Jessica
  1081 | D:2      | Reached XP level 4. HP: 32/35 MP: 4/4
  1145 | D:2      | XOM: silly message
  1688 | D:2      | XOM: smoke on damage
  1959 | D:2      | Reached skill level 5 in Axes
  2070 | D:2      | XOM: divination: detect creatures
  2181 | D:2      | XOM: torment (18/35 hp)
  2224 | D:2      | XOM: cloud trail
  2494 | D:2      | XOM: stat loss: -1 Int (12/13)
  2713 | D:1      | XOM: give mutations
  2713 | D:1      | Gained mutation: You expend magic power (3 MP) to
                  | strengthen your wands. [Xom's grace]
  2713 | D:1      | Gained mutation: You have an increased reservoir of magic.
                  | (+10% MP) [Xom's grace]
  2713 | D:1      | Gained mutation: You are somewhat resistant to further
                  | mutation. [Xom's grace]
  2761 | D:1      | XOM: god gift: leatherbound book {god gift}
  3049 | D:1      | XOM: god gift: runed hunting sling {god gift}
  3201 | D:1      | XOM: draining
  4079 | D:1      | XOM: divination: detect creatures
  4729 | D:1      | XOM: divination: magic mapping
  5624 | D:1      | XOM: silly message
  5711 | D:1      | XOM is BORED!
  5945 | D:1      | XOM: noise
  6814 | D:1      | XOM is BORED!
  6814 | D:1      | XOM: noise
  7276 | D:1      | XOM: god gift: war axe {god gift}
  7559 | D:1      | XOM: noise
  8084 | D:1      | XOM: summons 3 hostile demons
  8214 | D:1      | XOM: 1-stop teleportation journey
  8476 | D:1      | XOM: silly message
  8505 | D:1      | XOM: torment (23/35 hp)
  8609 | D:1      | XOM is BORED!
  8669 | D:1      | XOM: 6-stop teleportation journey
  9391 | D:1      | XOM: torment (24/35 hp)
  9476 | D:1      | XOM: summons 2 hostile shadow creatures
 10396 | D:1      | XOM: noise
 10940 | D:1      | XOM: give mutations
 10940 | D:1      | Gained mutation: Your system is resistant to poisons.
                  | (rPois) [Xom's grace]
 10940 | D:1      | Gained mutation: You are agile. (Dex +2) [Xom's grace]
 10948 | D:1      | XOM: god gift: masterwork cloak {god gift}
 10949 | D:1      | Got a masterwork cloak {god gift}
 10955 | D:1      | Identified the -5 cloak of the Fiend {rElec rPois rCorr
                  | Int+3} (Xom gifted it to you on level 1 of the Dungeon)
 11291 | D:1      | XOM: god gift: book of Unlife
 11445 | D:1      | XOM: give mutations
 11445 | D:1      | Gained mutation: You have very sharp teeth. [Xom's grace]
 11445 | D:1      | Gained mutation: You are very agile. (Dex +4) [Xom's grace]
 11564 | D:1      | XOM: god gift: shimmering golden amulet {god gift}
 11565 | D:1      | Got a shimmering golden amulet {god gift}
 11571 | D:1      | Identified the amulet of Forced Transition {rElec Regen+
                  | Str+3 Stlth+} (Xom gifted it to you on level 1 of the
                  | Dungeon)
 11678 | D:1      | XOM: scenery: summon butterflies
 12606 | D:1      | XOM: noise
 12840 | D:1      | XOM is BORED!
 12840 | D:1      | XOM: noise
 12861 | D:1      | XOM: scenery: create altars
 14237 | D:1      | XOM: cloud trail
 14446 | D:1      | XOM is BORED!
 14729 | D:1      | XOM: divination: magic mapping
 14802 | D:1      | XOM: give mutations
 14802 | D:1      | Gained mutation: You possess an exceptional clarity of
                  | mind. [Xom's grace]
 14802 | D:1      | Gained mutation: You are resistant to electric shocks.
                  | (rElec) [Xom's grace]
 14802 | D:1      | Gained mutation: Your muscles are strong. (Str +2) [Xom's
                  | grace]
 14878 | D:1      | XOM: scenery: create altars
 14882 | D:1      | XOM: scenery: summon butterflies
 15288 | D:1      | XOM: scenery: create altars
 15925 | D:1      | XOM: give mutation
 15925 | D:1      | Gained mutation: You are partially covered in slimy green
                  | scales. (AC +2) [Xom's grace]
 15943 | D:1      | XOM: scenery: create altars
 16170 | D:1      | XOM: god gift: flickering iron ring {god gift}
 16171 | D:1      | Got a flickering iron ring {god gift}
 16172 | D:1      | Identified the ring "Zuddad" {MP-9 Str+4 Int+9} (Xom gifted
                  | it to you on level 1 of the Dungeon)
 16278 | D:1      | XOM: scenery: summon butterflies
 16943 | D:1      | XOM: god gift: gnarled smoking staff {god gift}
 17037 | D:1      | XOM: scenery: summon butterflies
 17270 | D:1      | XOM: cloud trail
 17373 | D:1      | XOM: divination: detect items
 17708 | D:1      | XOM: silly message
 17712 | D:1      | XOM: give mutations
 17712 | D:1      | Gained mutation: You have large cloven feet. [Xom's grace]
 17712 | D:1      | Gained mutation: Your flesh is cold resistant. (rC+) [Xom's
                  | grace]
 17774 | D:1      | XOM: give mutation
 17774 | D:1      | Lost mutation: You have large cloven feet. [Xom's mischief]
 18111 | D:1      | XOM: summons 2 hostile shadow creatures
 18220 | D:1      | XOM: silly message
 18343 | D:1      | XOM: give mutations
 18343 | D:1      | Gained mutation: You are dopey. (Int -2) [Xom's mischief]
 18343 | D:1      | Lost mutation: Your muscles are strong. (Str +2) [Xom's
                  | mischief]
 18343 | D:1      | Lost mutation: You are very agile. (Dex +4) [Xom's
                  | mischief]
 18343 | D:1      | Lost mutation: You are somewhat resistant to further
                  | mutation. [Xom's mischief]
 18343 | D:1      | Gained mutation: You evolve. [Xom's mischief]
 18413 | D:1      | XOM: summons 3 hostile demons
 18414 | D:1      | Noticed a chaos spawn
 19080 | D:2      | XOM: noise
 19852 | D:2      | XOM: god gift: 19 stones
 20022 | D:2      | XOM: god gift: curved ivory wand {god gift}
 20256 | D:2      | XOM: silly message
 20780 | D:2      | XOM: noise
 21392 | D:2      | XOM: cloud trail
 22259 | D:2      | XOM: god gift: twitching pewter ring {god gift}
 22260 | D:2      | Got a twitching pewter ring {god gift}
 22262 | D:2      | Identified the ring "Yfuokk" {+Fly Dex+3} (Xom gifted it to
                  | you on level 2 of the Dungeon)
 22305 | D:2      | XOM: god gift: 5 curare-tipped darts
 22362 | D:2      | XOM: god gift: wand of iceblast (6)
 22385 | D:2      | XOM: god gift: 48 gold pieces
 22587 | D:2      | XOM: god gift: 22 stones
 22892 | D:2      | XOM: silly message
 22929 | D:2      | XOM is BORED!
 22929 | D:2      | XOM: summons 3 hostile shadow creatures
 23273 | D:2      | XOM: silly message
 24694 | D:2      | XOM: divination: magic mapping
 25960 | D:2      | XOM is BORED!
 26309 | D:2      | XOM: give mutations
 26309 | D:2      | Gained mutation: You are very agile. (Dex +4) [Xom's grace]
 26309 | D:2      | Gained mutation: Your muscles are strong. (Str +2) [Xom's
                  | grace]
 26552 | D:2      | XOM: give mutations
 26552 | D:2      | Gained mutation: You have supernaturally acute eyesight.
                  | (SInv) [Xom's grace]
 26552 | D:2      | Gained mutation: You rapidly evolve. [Xom's grace]
 26677 | D:2      | XOM: give mutations
 26677 | D:2      | Lost mutation: You are dopey. (Int -2) [Xom's mischief]
 26677 | D:2      | Lost mutation: You expend magic power (3 MP) to strengthen
                  | your wands. [Xom's mischief]
 26677 | D:2      | Lost mutation: You are partially covered in slimy green
                  | scales. (AC +2) [Xom's mischief]
 26677 | D:2      | Lost mutation: You are resistant to electric shocks.
                  | (rElec) [Xom's mischief]
 26870 | D:2      | XOM: summons 4 hostile shadow creatures
 27257 | D:2      | XOM: give mutation
 27257 | D:2      | Lost mutation: Your muscles are strong. (Str +2) [Xom's
                  | mischief]
 27494 | D:2      | XOM: give mutations
 27494 | D:2      | Lost mutation: Your flesh is cold resistant. (rC+) [Xom's
                  | mischief]
 27494 | D:2      | Lost mutation: You possess an exceptional clarity of mind.
                  | [Xom's mischief]
 28016 | D:2      | XOM is BORED!
 28016 | D:2      | XOM: summons 3 hostile demons
 28017 | D:2      | Noticed an orange demon
 28025 | D:2      | Slain by an orange demon

Illustrated notes

Levels and vault maps discovered:
D:1:      minmay_arrival_arboretum_small, layout_loops_ring,
          minmay_crystal_water, minmay_misc_feat_ornament
D:2:      layout_basic, uniq_jessica

Skill      XL: |  1  2  3  4 |
---------------+-------------+-----
Axes           | 3 4 5 |  5.1
Fighting       | |  3.0
Armour         | |  1.7
Dodging        | |  0.8

Action                   |  1- 3 |  4- 6 || total
-------------------------+-------+-------++-------
Melee: Hand axe          |    53 |    62 ||   115
       Headbutt          |     3 |    14 ||    17
       War axe           |       |    48 ||    48
       Bite              |       |     4 ||     4
  Use: Scroll            |       |     5 ||     5
       Potion            |       |     3 ||     3
 Stab: Petrified         |     2 |       ||     2
       Paralysed         |       |     2 ||     2
Armor: Leather armour    |    15 |    86 ||   101
Dodge: Dodged            |    30 |    92 ||   122

Table legend: (Time is in decaauts) A = Elapsed time spent in this place. B = Non-inter-level travel time spent in this place. C = Inter-level travel time spent in this place. D = Time resting spent in this place. E = Time spent auto-exploring this place. F = Levels seen in this place. G = Mean time per level. A B C D E F G +--------+--------+--------+--------+--------+-----+--------+ Total | 28052 | 27934 | 118 | 25411 | 2062 | 2 | 14026.0 | Dungeon | 28052 | 27934 | 118 | 25411 | 2062 | 2 | 14026.0 | +--------+--------+--------+--------+--------+-----+--------+

Top non-repeatable levels by time:
     D:1: 16613 daAuts
     D:2: 11438 daAuts
